 Dungeon Crawl Stone Soup version 0.24.0-13-gcf9b3192b9 (webtiles) character file.

Game seed: 2531894180244563645, levelgen mode: deterministic

107 Aviak the Skirmisher (level 5, -8/41 HPs)
             Began as a Formicid Warper on Nov 10, 2019.
             Mangled by an ice beast (9 damage)
             ... on level 6 of the Dungeon.
             The game lasted 00:03:20 (2552 turns).

Aviak the Skirmisher (Formicid Warper)              Turns: 2552, Time: 00:03:21

Health: -8/41      AC:  6    Str: 16    XL:     5   Next: 11%
Magic:  8/8        EV: 10    Int: 18    God:
Gold:   129        SH:  0    Dex: 10    Spells: 8/8 levels left

rFire    . . .     SeeInvis +   a - +0 hand axe
rCold    . . .     Gourm    .   (no shield)
rNeg     . . .     Faith    .   j - +0 scale mail
rPois    .         Spirit   .   (helmet unavailable)
rElec    .         Reflect  .   n - scarf {repulsion}
rCorr    .         Harm     .   (no gloves)
MR       .....                  (no boots)
Stlth    ..........             (no amulet)
HPRegen  0.13/turn              (no ring)
MPRegen  0.11/turn              (no ring)

@: brilliant, lethally poisoned (-8 -> -9), repel missiles
A: permanent stasis, dig shafts and tunnels, four strong arms, antennae 3
a: Dig, Shaft Self


You were on level 6 of the Dungeon.
You were hungry.

You visited 1 branch of the dungeon, and saw 4 of its levels.

You collected 129 gold pieces.

Inventory:

Hand Weapons
 a - a +0 hand axe (weapon)
Missiles
 e - 5 boomerangs of dispersal (quivered)
Armour
 b - a +0 leather armour
 j - a +0 scale mail (worn)
 n - a scarf of repulsion (worn)
Scrolls
 d - 2 scrolls of remove curse {unknown}
 g - 2 scrolls of teleportation {unknown}
 h - 3 scrolls of fog {unknown}
 i - a scroll of immolation {unknown}
 k - a scroll of enchant weapon {unknown}
 l - a scroll of identify {unknown}
 m - 2 scrolls of amnesia {unknown}
 x - a scroll of blinking
Comestibles
 c - 3 chunks of flesh
 f - 8 rations


   Skills:
 + Level 3.4 Fighting
 + Level 3.1 Axes
 - Level 1.0 Throwing
 + Level 2.8 Armour
 - Level 2.0 Dodging
 - Level 2.1 Spellcasting
   Level 2.6 Translocations


You had 8 spell levels left.
You didn't know any spells.
Your spell library contained the following spells:

 Spells                   Type           Power        Failure   Level  Hunger
 Shroud of Golubria       Chrm/Tloc      ###...       7%          2    ###....
 Gell's Gravitas          Tloc           ###.......   8%          3    ###....
 Lesser Beckoning         Tloc           ###.......   8%          3    ###....
 Teleport Other           Tloc           ###.....     8%          3    ###....
 Passage of Golubria      Tloc           N/A          22%         4    #####..
 Blink                    Tloc           Unusable     N/A         2    N/A

Dungeon Overview and Level Annotations

Branches:
Dungeon (3/15)

Altars:

Annotations:
D:3 Natasha


Innate Abilities, Weirdness & Mutations

You cannot be hasted, slowed, berserked, paralysed or teleported.
You can dig through walls and to a lower floor.
Your four strong arms can wield two-handed weapons with a shield.
You have a pair of large antennae on your head. (SInv)


Message History

You closely miss the adder. The adder barely misses you.
You hit the adder.
The adder is lightly wounded.
You feel sick. The adder bites you but does no damage. The adder bites you.
You hit the adder.
The adder is heavily wounded.
The adder bites you. The adder closely misses you.
You miss the adder.
The adder is heavily wounded.
The adder closely misses you.
You slash the adder!
You kill the adder!
You feel sick. The ice beast hits you. The ice beast freezes you!
* * * LOW HITPOINT WARNING * * *
An orc and an orc priest come into view.
The orc shouts!
The orc priest shouts!
You barely miss the orc priest. You hit the ice beast. The ice beast hits you.
* * * LOW HITPOINT WARNING * * *
The ice beast freezes you!
You die...

.......
....%.....#
........%.##
.?.........
....(....#
....%...##
######.........
#o@Y...........
{
#o####..$......
#. #......... {
#. #.........
## .....#+#+##
{ .....#.#
#......#..
.......+.#.
.......###..


You could see an ice beast, an orc priest and an orc.

Vanquished Creatures
  Natasha (D:3)
  Robin (D:2)
  3 adders
  A worm (D:2)
  An orc (D:6)
  5 bats
  4 giant cockroaches
  8 goblins
  5 hobgoblins
  3 frilled lizards
  4 kobolds
  6 rats
42 creatures vanquished.

Notes
Turn   | Place    | Note
-------+----------+-------------------------------------------
     0 | D:1      | Aviak the Formicid Warper began the quest for the Orb.
     0 | D:1      | Reached XP level 1. HP: 16/16 MP: 3/3
   106 | D:1      | Reached XP level 2. HP: 15/23 MP: 5/5
   987 | D:2      | Reached XP level 3. HP: 24/28 MP: 6/6
  1100 | D:2      | Found a faded altar of an unknown god.
  1161 | D:2      | Noticed Robin
  1173 | D:2      | Killed Robin
  1419 | D:2      | Reached XP level 4. HP: 25/35 MP: 7/7
  1943 | D:3      | Noticed Natasha
  1970 | D:3      | Killed Natasha
  2526 | D:3      | Noticed Natasha
  2534 | D:3      | You fall into a shaft and drop 3 floors!
  2534 | D:6      | Noticed an ice beast
  2541 | D:6      | Reached XP level 5. HP: 23/41 MP: 8/8
  2552 | D:6      | HP: 1/41 [ice beast (2)]
  2552 | D:6      | Mangled by an ice beast

Levels and vault maps discovered:
D:1:      lemuel_arrival_muddy, layout_loops_ring
D:2:      layout_basic, chequers_ecumenical_altar_grove,
          minmay_misc_feat_diagonals, uniq_robin
D:3:      layout_basic, kennysheep_boxes, uniq_sigmund, uniq_terence, uniq_ijyb,
          uniq_natasha
D:6:      layout_basic, gammafunk_ghost_cemetery, serial_shops,
          nicolae_shop_statue_plus, uniq_prince_ribbit1

Skill      XL: |  1  2  3  4 |
---------------+-------------+-----
Dodging        | 2 |  2.0
Armour         | 2 |  2.8
Fighting       | 3 |  3.4
Axes           | 3 |  3.1
Throwing       | |  1.0
Spellcasting   | |  2.1
Translocations | |  2.6

Action                   |  1- 3 |  4- 6 || total
-------------------------+-------+-------++-------
Melee: Hand axe          |   130 |    88 ||   218
 Abil: Shaft Self        |       |     1 ||     1
  Use: Potion            |     1 |     2 ||     3
  Eat: Chunk             |     1 |     4 ||     5
Armor: Leather armour    |    15 |       ||    15
       Scale mail        |    51 |    43 ||    94
Dodge: Dodged            |    82 |    44 ||   126
